 Dungeon Crawl Stone Soup version 0.24.0-123-gd5b16e6ec5 (webtiles) character file.

Game seed: 8907792144784721224, levelgen mode: deterministic

129 FishyPogo the Charmwright (level 5, -5/43 HPs)
             Began as a Gnoll Skald on Jan 4, 2020.
             Slain by Sigmund
             ... wielding a +2 scythe of flaming
              (12 damage)
             ... on level 3 of the Dungeon.
             The game lasted 00:08:26 (1722 turns).

FishyPogo the Charmwright (Gnoll Skald)             Turns: 1722, Time: 00:08:26

Health: -5/43      AC:  3    Str: 15    XL:     5   Next: 12%
Magic:  5/12       EV: 14    Int: 15    God:
Gold:   40         SH:  0    Dex: 14    Spells: 3/14 levels left

rFire    . . .     SeeInvis .   a - +0 short sword (speed)
rCold    . . .     Gourm    .   (no shield)
rNeg     . . .     Faith    .   b - +0 leather armour
rPois    .         Spirit   .   (no helmet)
rElec    .         Reflect  .   (no cloak)
rCorr    .         Harm     .   e - -1 pair of gloves (curse)
MR       .....                  (no boots)
Stlth    +.........             (no amulet)
HPRegen  0.14/turn              (no ring)
MPRegen  0.13/turn              (no ring)

@: confused, infused
A: distributed training, fangs 1, strong nose
a: no special abilities


You were on level 3 of the Dungeon.
You were not hungry.

You visited 1 branch of the dungeon, and saw 3 of its levels.

You collected 40 gold pieces.

Inventory:

Hand Weapons
 a - a +0 short sword of speed (weapon)
 r - a +3 spear
Missiles
 k - 34 stones (quivered)
Armour
 b - a +0 leather armour (worn)
 e - a cursed -1 pair of gloves (worn)
Scrolls
 f - a scroll of fear {unknown}
 g - a scroll of noise {unknown}
 h - a scroll of blinking {unknown}
 i - a scroll of teleportation {unknown}
 l - 2 scrolls of identify {unknown}
 m - a scroll of magic mapping {unknown}
 n - a scroll of enchant weapon {unknown}
 o - a scroll of fog {unknown}
 p - a scroll of enchant armour {unknown}
Potions
 j - a potion of invisibility {unknown}
 q - a potion of brilliance {unknown}
Comestibles
 d - 5 rations


   Skills:
 + Level 4.7 Fighting
 + Level 4.7 Short Blades
 + Level 1.3 Long Blades
 + Level 1.3 Axes
 + Level 1.3 Maces & Flails
 + Level 1.3 Polearms
 + Level 1.3 Staves
 + Level 1.3 Slings
 + Level 1.3 Bows
 + Level 1.3 Crossbows
 + Level 1.3 Throwing
 + Level 2.9 Armour
 + Level 4.7 Dodging
 + Level 1.3 Stealth
 + Level 1.3 Shields
 + Level 1.3 Unarmed Combat
 + Level 5.1 Spellcasting
 + Level 1.1 Conjurations
 + Level 1.1 Hexes
 + Level 5.5 Charms
 + Level 1.1 Summonings
 + Level 1.1 Necromancy
 + Level 1.1 Translocations
 + Level 1.1 Transmutations
 + Level 1.1 Fire Magic
 + Level 1.1 Ice Magic
 + Level 1.1 Air Magic
 + Level 1.1 Earth Magic
 + Level 1.1 Poison Magic
 + Level 1.5 Invocations
 + Level 1.3 Evocations


You had 3 spell levels left.
You knew the following spells:

 Your Spells              Type           Power        Failure   Level  Hunger
h - Regeneration          Chrm/Necr      ##........   16%         3    ###....
n - Spectral Weapon       Hex/Chrm       ##......     16%         3    ###....
p - Shroud of Golubria    Chrm/Tloc      ##....       8%          2    ##.....
u - Song of Slaying       Chrm           ###.....     3%          2    ##.....
y - Infusion              Chrm           ###.         1%          1    None

Your spell library contained the following spells:

 Spells                   Type           Power        Failure   Level  Hunger


Dungeon Overview and Level Annotations

Branches:
Dungeon (3/15)

Altars:

Annotations:
D:3 Sigmund


Innate Abilities, Weirdness & Mutations

Your experience applies equally to all skills.
You have very sharp teeth.
Your uncanny sense of smell can sniff out nearby items.


Message History

Unknown command.
You hit something!
You hear some strange, mumbled words.
You are confused.
You bump into the rock wall.
The rat barely misses your spectral weapon.
Something hits you. Something burns you.
You barely miss something.
The rat barely misses your spectral weapon.
The rat misses you. Something hits you.
* * * LOW HITPOINT WARNING * * *
Something burns you.
* * * LOW HITPOINT WARNING * * *
Unknown command.
The rat closely misses your spectral weapon.
You bump into the rock wall.
The rat misses your spectral weapon.
You bump into the rock wall.
You hear the rusting of a very distant drain.
Something hits you!
You die...

#........#
##(##.##### #..##.#
#.###.# # #@# #.#
#######...##.###.#
#$......#.....r{.#
#.......####.##(.##
#......<# #.##@..#
#.......# #.###...#
#<.g..... ..#.#
....@....# ......
##.......#
#..##.... #.......#
#$## ###. #....w###
#. ..###... ###
##..


You could see a rat and a friendly spectral +0 short sword of speed.

Vanquished Creatures
  Natasha (twice) (D:2)
  An adder (D:2)
  3 gnolls
  A worm (D:2)
  2 leopard geckos (D:2)
  5 bats (D:2)
  A giant cockroach (D:2)
  3 hobgoblins
  2 frilled lizards (D:2)
  7 goblins
  6 kobolds
  5 rats
38 creatures vanquished.

Notes
Turn   | Place    | Note
-------+----------+-------------------------------------------
     0 | D:1      | FishyPogo the Gnoll Skald began the quest for the Orb.
     0 | D:1      | Reached XP level 1. HP: 20/20 MP: 6/6
   382 | D:1      | Reached XP level 2. HP: 26/26 MP: 7/7
   483 | D:1      | Learned a level 2 spell: Song of Slaying
   486 | D:1      | Learned a level 2 spell: Shroud of Golubria
   607 | D:2      | Reached XP level 3. HP: 21/31 MP: 9/9
   629 | D:2      | Reached skill level 5 in Spellcasting
   802 | D:2      | Reached skill level 1 in Invocations
   846 | D:2      | Learned a level 3 spell: Regeneration
   851 | D:2      | Learned a level 3 spell: Spectral Weapon
  1035 | D:2      | Noticed Natasha
  1061 | D:2      | Killed Natasha
  1061 | D:2      | Reached skill level 1 in Long Blades
  1061 | D:2      | Reached skill level 1 in Axes
  1061 | D:2      | Reached skill level 1 in Maces & Flails
  1061 | D:2      | Reached skill level 1 in Polearms
  1061 | D:2      | Reached skill level 1 in Staves
  1061 | D:2      | Reached skill level 1 in Slings
  1061 | D:2      | Reached skill level 1 in Bows
  1061 | D:2      | Reached skill level 1 in Crossbows
  1061 | D:2      | Reached skill level 1 in Throwing
  1061 | D:2      | Reached skill level 1 in Stealth
  1061 | D:2      | Reached skill level 1 in Shields
  1061 | D:2      | Reached skill level 1 in Unarmed Combat
  1061 | D:2      | Reached skill level 1 in Evocations
  1061 | D:2      | Reached XP level 4. HP: 6/38 MP: 1/11
  1134 | D:2      | Noticed Natasha
  1252 | D:2      | Killed Natasha
  1252 | D:2      | Reached skill level 1 in Conjurations
  1252 | D:2      | Reached skill level 1 in Hexes
  1252 | D:2      | Reached skill level 1 in Summonings
  1252 | D:2      | Reached skill level 1 in Necromancy
  1252 | D:2      | Reached skill level 1 in Translocations
  1252 | D:2      | Reached skill level 1 in Transmutations
  1252 | D:2      | Reached skill level 1 in Fire Magic
  1252 | D:2      | Reached skill level 1 in Ice Magic
  1252 | D:2      | Reached skill level 1 in Air Magic
  1252 | D:2      | Reached skill level 1 in Earth Magic
  1252 | D:2      | Reached skill level 1 in Poison Magic
  1346 | D:3      | Noticed Sigmund
  1472 | D:2      | Reached XP level 5. HP: 18/43 MP: 2/12
  1722 | D:3      | Slain by Sigmund

Levels and vault maps discovered:
D:1:      lemuel_arrival_lava_pool, layout_rooms, hangedman_decor_push
D:2:      minmay_inner_zag, layout_loops_cross, first_ration,
          minmay_heptomino_w4, uniq_natasha
D:3:      layout_rooms, portal_sewer_entry_e, kennysheep_doodads, uniq_sigmund,
          uniq_grinder

Skill      XL: |  1  2  3  4 |
---------------+-------------+-----
Spellcasting   | 5 |  5.1
Invocations    | 1 |  1.5
Long Blades    | 1 |  1.3
Axes           | 1 |  1.3
Maces & Flails | 1 |  1.3
Polearms       | 1 |  1.3
Staves         | 1 |  1.3
Slings         | 1 |  1.3
Bows           | 1 |  1.3
Crossbows      | 1 |  1.3
Throwing       | 1 |  1.3
Stealth        | 1 |  1.3
Shields        | 1 |  1.3
Unarmed Combat | 1 |  1.3
Evocations     | 1 |  1.3
Conjurations   | 1 |  1.1
Hexes          | 1 |  1.1
Summonings     | 1 |  1.1
Necromancy     | 1 |  1.1
Translocations | 1 |  1.1
Transmutations | 1 |  1.1
Fire Magic     | 1 |  1.1
Ice Magic      | 1 |  1.1
Air Magic      | 1 |  1.1
Earth Magic    | 1 |  1.1
Poison Magic   | 1 |  1.1
Fighting       | |  4.7
Short Blades   | |  4.7
Armour         | |  2.9
Dodging        | |  4.7
Charms         | |  5.5

Action                   |  1- 3 |  4- 6 || total
-------------------------+-------+-------++-------
Melee: Short sword       |   126 |    40 ||   166
       Bite              |    12 |     3 ||    15
       Punch             |       |     1 ||     1
Throw: Stone             |     1 |       ||     1
 Cast: Shroud of Golubri |     4 |     6 ||    10
       Regeneration      |     2 |     5 ||     7
       Song of Slaying   |     1 |       ||     1
       Infusion          |       |     4 ||     4
       Spectral Weapon   |       |     2 ||     2
 Stab: Sleeping          |     2 |       ||     2
  Eat: Chunk             |     1 |     3 ||     4
Armor: Leather armour    |    24 |     1 ||    25
Dodge: Dodged            |    77 |    13 ||    90
